Unix NetHack Version 5.0.0-0 post-release - last build Jun 10 2026 00:39:30 (3ee93aec679c4c4259841fe613dc97188e26a321,branch:main).

Game began 2026-06-15 18:26:50, ended 2026-06-15 18:31:41.

GdeVolpiano, neutral female human Tourist

                ---      --
              ---..     -.--
              |....   --...--
              |.(..---......---
              -...............|
              ................|
             --...............--
             -.................-
             .................
              -G..hG.......-
              |....@.......-
              -....d| ......-
             |....---   .....h-
             |...-        .....G.
             ----           ...G.....
                              -- .| .....|
                                 --  -- --

GdeVolpiano the Rambler     St:12 Dx:11 Co:18 In:10 Wi:6 Ch:18  Neutral
Dlvl:3  $:220 HP:0(24) Pw:5(5) AC:8  Xp:2 T:962 

Latest messages:
 Winston eats a gnome corpse.
 You kill the gnome!
 The dwarf picks up a mace.
 The gnome king hits!
 You miss the gnome king.
 The gnome king hits!
 What do you want to drink? [g or ?*]
 You feel much better.
 The gnome king hits!
 You miss the gnome king.
 The gnome king hits!
 The dwarf throws a dagger!
 The dagger misses the gnome king.
 You are hit by a dagger.
 You hit the gnome king.
 The gnome king hits!
 Winston is still eating.
 You climb up the stairs.
 You hear someone counting gold coins.
 You are in full health.
 #
 What do you want to use or apply? [k-nqt or ?*]
 In what direction do you want to chop? [>]
 #
 You descend the stairs.
 There is a branch staircase up to the Dungeons of Doom here.
 You see here a dagger.
 The gnome king hits!
 You miss the gnome king.
 The gnome king hits!
 In what direction?
 The dart hits the gnome king.
 The gnome king hits!
 You climb up the stairs.
 You remember this level as vault.
 What do you want to throw? [$a or ?*]
 Never mind.
 You hear the footsteps of a guard on patrol.
 You descend the stairs.
 There is a branch staircase up to the Dungeons of Doom here.
 You see here a dagger.
 The gnome king hits!
 In what direction?
 The dart hits the gnome king!
 The gnome king hits!
 The dwarf hits!
 The gnome king hits!
 You die...
 Do you want your possessions identified? [ynq] (y)
 Do you want to see your attributes? [ynq] (y)

Inventory:
 Coins    ('$')
  $ - 220 gold pieces
 Weapons  (')')
  a - 30 +2 darts (at the ready)
  n - a +1 battle-axe (weapon in hands)
 Armor    ('[')
  j - an uncursed +0 Hawaiian shirt with a jellyfish motif
  s - an uncursed +0 orcish ring mail (being worn)
 Comestibles  ('%')
  b - 5 uncursed figs
  x - an uncursed carrot
  f - an uncursed clove of garlic
  d - 3 uncursed food rations
  v - an uncursed lembas wafer
  e - 2 uncursed pancakes
  c - 2 uncursed tripe rations
  o - an uncursed tin of boiled lichen
  y - an uncursed lichen corpse
 Scrolls  ('?')
  w - an uncursed scroll of enchant armor
  p - an uncursed scroll of enchant weapon
  u - an uncursed scroll of light
  h - a blessed scroll of magic mapping
  i - 3 uncursed scrolls of magic mapping
 Spellbooks  ('+')
  q - an uncursed spellbook of force bolt
 Tools    ('(')
  l - an uncursed credit card
  t - an expensive camera (0:71)
  k - an uncursed lock pick
  m - an uncursed tin opener
 Gems/Stones  ('*')
  r - an uncursed worthless piece of yellow glass

GdeVolpiano the Tourist's attributes:

Background:
 You were a Rambler, a level 2 female human Tourist.
 You were neutral, on a mission for The Lady
 who was opposed by Blind Io (lawful) and Offler (chaotic).
 You were left-handed.
 You were in the Gnomish Mines, on level 3.
 You entered the dungeon 962 turns ago.
 There was a new moon in effect when your adventure ended.
 You had 39 experience points, 1 more was needed to attain level 3.

Basics:
 You had 0 out of 24 hit points.
 You had all 5 energy points (spell power).
 Your armor class was 8.
 Your wallet contained 220 zorkmids.
 Autopickup was on for '$?!/="+' plus thrown, with exceptions.

Final Characteristics:
 Your strength was 12 (limit:18/100).
 Your dexterity was 11 (limit:18).
 Your constitution was 18 (limit:18).
 Your intelligence was 10 (limit:18).
 Your wisdom was 6 (limit:18).
 Your charisma was 18 (limit:18).

Final Status:
 You weren't hungry.
 You were unencumbered.
 You were wielding an axe.
 You were unskilled in axe.

Final Attributes:
 You were stridently aligned.
 You were warded.
 Your spell casting was impaired by metallic armor.
 You are dead.

Miscellaneous:
 You didn't encounter any bones levels.
 Total elapsed playing time was 4 minutes and 50 seconds.

Major events:
 Turn
    1: GdeVolpiano the neutral female human Tourist entered the dungeon
  393: entered the Gnomish Mines
  962: killed by a gnome king

Spells:
 Name                 Level Category     Fail Retention
 force bolt             1   attack        92%  76%-100%

Skills:
 Fighting Skills
   bare handed combat [Unskilled]
   two weapon combat  [Unskilled]
   riding             [Unskilled]
 Weapon Skills
   dagger             [Unskilled]
   knife              [Unskilled]
   axe                [Unskilled]
   pick-axe           [Unskilled]
   short sword        [Unskilled]
   broadsword         [Unskilled]
   long sword         [Unskilled]
   two-handed sword   [Unskilled]
   saber              [Unskilled]
   mace               [Unskilled]
   morning star       [Unskilled]
   flail              [Unskilled]
   hammer             [Unskilled]
   quarterstaff       [Unskilled]
   polearms           [Unskilled]
   spear              [Unskilled]
   trident            [Unskilled]
   lance              [Unskilled]
   bow                [Unskilled]
   sling              [Unskilled]
   crossbow           [Unskilled]
   dart               [Basic]
   shuriken           [Unskilled]
   boomerang          [Unskilled]
   whip               [Unskilled]
   unicorn horn       [Unskilled]
 Spellcasting Skills
   divination spells  [Unskilled]
   enchantment spells [Unskilled]
   escape spells      [Unskilled]

Voluntary challenges:
 Character rerolling was not enabled.
 You were an atheist.
 You never genocided any monsters.
 You never polymorphed an object.
 You never changed form.
 You used no wishes.
Achievements:
 You entered the Gnomish Mines.
 You entered a shop.

 The Dungeons of Doom: levels 1 to 3
    Level 1:
    Level 2: "vault"
       A vegetarian food shop, a fountain.
       Stairs down to The Gnomish Mines.
    Level 3:
 The Gnomish Mines:
    Level 3: <- You were here.
       Final resting place for
          you, killed by a gnome king.


Vanquished creatures:
  2 gnomes
  6 jackals
  a fox
  2 sewer rats
  a grid bug
  2 lichens
  2 newts
16 creatures vanquished.

No species were genocided or became extinct.

Game over:
                       ----------
                      /          \
                     /    REST    \
                    /      IN      \
                   /     PEACE      \
                  /                  \
                  |   GdeVolpiano    |
                  |      220 Au      |
                  |   killed by a    |
                  |    gnome king    |
                  |                  |
                  |                  |
                  |       2026       |
                 *|     *  *  *      | *
        _________)/\\_//(\/(/\)/\//\/|_)_______

Aloha GdeVolpiano the Tourist...

You died in The Gnomish Mines on dungeon level 3 with 274 points,
and 220 pieces of gold, after 962 moves.
You were level 2 with a maximum of 24 hit points when you died.

